 Dungeon Crawl Stone Soup version 0.23-a0-402-g64599a1 (console) character file.

25 bli the Insei (level 3, -1/24 HPs)
             Began as an Octopode Transmuter on Nov 4, 2018.
             Slain by a scorpion (7 damage)
             ... on level 3 of the Dungeon.
             The game lasted 00:03:02 (845 turns).

bli the Insei (Octopode Transmuter)                  Turns: 845, Time: 00:03:03

Health: -1/24      AC:  1    Str:  9    XL:     3   Next: 6%
Magic:  5/6        EV: 13    Int: 15    God:
Gold:   65         SH:  0    Dex: 13    Spells: 5/6 levels left

rFire    x . .     SeeInvis .     - Unarmed
rCold    + . .     Gourm    .   (no shield)
rNeg     . . .     Faith    .   (helmet restricted)
rPois    .         Spirit   .   n - amulet of regeneration
rElec    .         Reflect  .   j - ring of resist corrosion (curse)
rCorr    +         Harm     .   l - ring of ice
MR       .....                  (no ring)
Stlth    ++........             (no ring)
HPRegen  0.48/turn              (no ring)
MPRegen  0.10/turn              (no ring)
                                (no ring)
                                (no ring)

@: lethally poisoned (-1 -> -8), appendage
A: almost no armour, stealthy swim, amphibious, 8 rings, constrict 8, tentacle
spike 3, camouflage 1, gelatinous body 1
a: End Transformation


You were on level 3 of the Dungeon.
You were not hungry.
One of your tentacles had a temporary spike.
You visited 1 branch of the dungeon, and saw 3 of its levels.

You collected 65 gold pieces.

Inventory:

Missiles
 a - 34 arrows
 f - 42 stones (quivered)
Jewellery
 j - a cursed ring of resist corrosion (left tentacle)
 k - an uncursed amulet of faith
 l - a ring of ice (right tentacle)
 n - an amulet of regeneration (around mantle)
Scrolls
 b - 4 scrolls of teleportation {unknown}
 e - a scroll of magic mapping {unknown}
 g - a scroll of identify {unknown}
 i - a scroll of remove curse {unknown}
 m - a scroll of enchant weapon {unknown}
Potions
 h - a potion of haste {unknown}
Comestibles
 c - 3 rations
 d - 7 chunks of flesh


   Skills:
 * Level 1.7 Fighting
 - Level 2.0 Dodging
 + Level 3.8 Unarmed Combat
 - Level 2.0 Spellcasting
 - Level 2.0 Transmutations


You had 5 spell levels left.
You knew the following spells:

 Your Spells              Type           Power        Failure   Level  Hunger
a - Beastly Appendage     Tmut           #.....       10%         1    #......

Your spell library contained the following spells:

 Spells                   Type           Power        Failure   Level  Hunger
 Sticks to Snakes         Tmut           #.......     14%         2    ###....
 Spider Form              Tmut/Pois      #.........   41%         3    ###....
 Ice Form                 Ice/Tmut       #.......     82%         4    #####..
 Blade Hands              Tmut           #.........   95%         5    ######.


Dungeon Overview and Level Annotations

Branches:
Dungeon (3/15)

Altars:

Annotations:
D:2 Terence


Innate Abilities, Weirdness & Mutations

You cannot wear most types of armour.
You are very stealthy in the water. (Stealth+)
You are amphibious.
You can wear up to eight rings at the same time.
You can use your tentacles to constrict eight enemies at once.
Your skin changes colour to match your surroundings (Stealth+).
Your rubbery body absorbs attacks. (AC +1, EV +1)
One of your tentacles bears a large vicious spike.


Message History

The scorpion poisons you!
You tentacle-slap the scorpion but do no damage.
You grab the scorpion.
You pierce the scorpion, but do no damage.
The scorpion is moderately wounded.
You constrict the scorpion, but do no damage.
You feel sick. The scorpion stings you!
You are lethally poisoned!
The scorpion poisons you!
You tentacle-slap the scorpion but do no damage.
You squeeze the scorpion.
The scorpion is heavily wounded.
You constrict the scorpion, but do no damage.
You feel sick. The scorpion closely misses you.
You tentacle-slap the scorpion.
The scorpion is heavily wounded.
You constrict the scorpion.
* * * LOW HITPOINT WARNING * * *
You feel sick. The scorpion stings you!
You die...

#..... #....) .....
#..... .... ######
.... ##### ## #+#..#
#...# #. #.#..#
#.#.#####. #. #.#..#
#.#....... #..##.#..#
#.########
#....s#..#####.#
#...@........#
......................
.#.#.###.......##.#...
# #.......# .# .
#.......# # #........#
#........# .........#
### #..


You could see a scorpion.

Vanquished Creatures
  A dart slug (D:1)
  A leopard gecko (D:3)
  A bat (D:1)
  A giant cockroach (D:3)
  7 goblins
  2 hobgoblins (D:1)
  A ball python (D:3)
  4 kobolds (D:1)
  4 rats
22 creatures vanquished.

Notes
Turn   | Place    | Note
-------+----------+-------------------------------------------
     0 | D:1      | bli the Octopode Transmuter began the quest for the Orb.
     0 | D:1      | Reached XP level 1. HP: 13/13 MP: 3/3
   154 | D:1      | Reached XP level 2. HP: 14/18 MP: 5/5
   649 | D:2      | Noticed Terence
   753 | D:3      | Reached XP level 3. HP: 24/24 MP: 6/6
   838 | D:3      | Noticed a scorpion
   845 | D:3      | Slain by a scorpion

Vault maps used:
D:1:      tarquinn_simple_flora_water_c, serial_glass, glass_columns_c,
          glass_columns_a, glass_columns_a, glass_columns_a, glass_columns_a,
          glass_columns_b, glass_columns_a, glass_columns_c, glass_columns_c,
          glass_columns_b, minmay_misc_feat_doors, minmay_box_of_dots
D:2:      lemuel_crystal_altar, first_ration, uniq_jessica, uniq_terence,
          uniq_crazy_yiuf_cottage
D:3:      cheibrodos_old_hovel, okawaru_gym_becter, minmay_misc_feat_diagonals,
          st_stairs_1

Action                   || total
-------------------------++-------
Melee: Unarmed           ||    42
       Constrict         ||    13
       Tentacles         ||    11
       Kick              ||     5
       Punch             ||     1
Throw: Stone             ||     1
 Cast: Beastly Appendage ||     6
 Stab: Sleeping          ||     9
Armor: Skin              ||     2
Dodge: Dodged            ||    11

Table legend:
 A = Non-vault XP
 B = Vault XP
 C = Vault XP percentage of total XP
 D = Non-vault monster count
 E = Vault monster count
 F = Vault count percentage of total count
                 A         B        C        D         E       F
            +---------+---------+-------+---------+---------+-------
      Total |      30 |       7 |  18.9 |      18 |       4 |  18.2
            +---------+---------+-------+---------+---------+-------
        D:1 |      21 |       7 |  25.0 |      13 |       4 |  23.5
        D:3 |       9 |       0 |   0.0 |       5 |       0 |   0.0
            +---------+---------+-------+---------+---------+-------
